AoeStats
← Nico57064

Arena

509203809Analyzed
1v1 RM · 6d ago on Sep 25, 2026· 43m 19s· 2 players
Game mode
Random Map
Map size
Tiny (2 player)
Population
200
Speed
Normal
Resources
Standard
Victory
Conquest
Starting age
Dark Age
Ending age
Imperial Age
RankedLock teamsTeams togetherTeam positionsShared explorationLock speedFull tech treeHidden civsTurbo modeCheats
Victory
Defeat
🇦🇺 Chinese · Australia
428
+20
🇦🇷 Chinese · Argentina
508
-20
gaz1657
10:57 Feudal Age
13:10 Double-Bit Axe
13:08 Horse Collar
15:17 Gold Mining
15:18 Stone Mining
22:24 Castle Age
20:46 Fletching
21:07 Forging
20:58 Padded Archer Armor
23:12 Town Watch
24:04 Wheelbarrow
24:29 Crossbowman
25:15 Thumb Ring
25:32 Leather Archer Armor
25:14 Bodkin Arrow
30:37 Iron Casting
30:52 Gold Shaft Mining
30:52 Stone Shaft Mining
30:31 Bow Saw
30:25 Heavy Plow
36:35 Imperial Age
40:44 Heavy Rocket Cart
Nico57064
11:25 Feudal Age
16:07 Castle Age
15:02 Double-Bit Axe
22:09 Fletching
22:20 Padded Archer Armor
26:59 Horse Collar
29:15 Bow Saw
29:06 Bodkin Arrow
30:00 Gold Mining
35:32 Imperial Age
35:18 Great Wall
36:12 Wheelbarrow
35:24 Loom
36:37 Ballistics
37:18 Chemistry
36:59 Bracer
37:15 Leather Archer Armor
37:47 Conscription
41:22 Hand Cart
41:41 Forging
41:38 Scale Barding Armor
Connection lost

Rejoining the realm…

Still unreachable

The connection could not be restored.

Session expired

The server has moved on; the page needs a fresh start.